 Dungeon Crawl Stone Soup version 0.31-a0-544-gceb718ecc6 (webtiles) character file.

Game seed: 12981725139483899802

3348 IdlyInterested the Slicer (level 9, -10/69 HPs)
             Began as a Demonspawn Fighter on Aug 15, 2023.
             Mangled by a small abomination (11 damage)
             ... on level 6 of the Dungeon.
             The game lasted 00:26:47 (7335 turns).

IdlyInterested the Slicer (Demonspawn Fighter)      Turns: 7335, Time: 00:26:48

Health: -10/69     AC: 15    Str: 17    XL:     9   Next: 72%
Magic:  0/10       EV: 13    Int: 10    God:
Gold:   285        SH: 14    Dex: 20    Spells: 10/10 levels left

rFire   . . .        a - +0 rapier
rCold   . . .        q - +0 tower shield
rNeg    . . .        m - +8 ring mail "Lirchoun" {rCorr Dex+6}
rPois   .            (helmet restricted)
rElec   .            g - +0 cloak
rCorr   +            (no gloves)
SInv    .            s - +0 pair of boots
Will    +....        (no amulet)
Stlth   +++          k - ring of willpower
HPRegen 0.31/turn    j - +5 ring of evasion
MPRegen 0.24/turn

%: guardian spirit
@: unable to drink
A: claws 1, magic shield, magic regeneration, magic link, demonic magic 1, horns
1, clumsy 1, sense surroundings 1, inability to drink after injury 1
a: no special abilities


You were on level 6 of the Dungeon.
You visited 2 branches of the dungeon, and saw 7 of its levels.

You collected 285 gold pieces.

Inventory:

Hand Weapons
 a - a +0 rapier (weapon)
 d - a +0 dagger of pain
Missiles
 h - 17 stones (quivered)
 t - 2 poisoned darts
 A - 2 atropa-tipped darts
Armour
 b - a +0 scale mail
 c - a +0 buckler
 g - a +0 cloak (worn)
 m - the +8 ring mail "Lirchoun" (worn) {rCorr Dex+6}
   (You found it on level 2 of the Dungeon)

   Dex+6:     It affects your dexterity (+6).
   rCorr:     It protects you from acid and corrosion.
 n - a +0 helmet
 q - a +0 tower shield (worn)
 s - a +0 pair of boots (worn)
Magical Staves
 f - a staff of conjuration
Jewellery
 e - an amulet of faith
 j - a +5 ring of evasion (right claw)
 k - a ring of willpower (left claw)
Scrolls
 i - a scroll of butterflies
 p - a scroll of revelation {unknown}
 w - 2 scrolls of enchant weapon
 x - a scroll of enchant armour {unknown}
 y - a scroll of immolation
 z - 3 scrolls of teleportation
Potions
 l - a potion of enlightenment
 r - a potion of mutation


   Skills:
 - Level 6.0 Fighting
 * Level 8.9 Short Blades
 - Level 3.0 Armour
 - Level 3.0 Dodging
 + Level 5.9 Stealth
 - Level 3.0 Shields
 - Level 3.0 Unarmed Combat
 - Level 1.0 Spellcasting
 - Level 1.0 Invocations
 - Level 1.0 Evocations
 - Level 1.0 Shapeshifting


You had 10 spell levels left.
You didn't know any spells.
Your spell library contained the following spells:

 Spells                   Type           Power      Damage    Failure   Level
 Scorch                   Fire           0%         2d5       100%        2
 Ozocubu's Armour         Ice            0%         N/A       100%        3
 Animate Armour           Summ/Erth      0%         N/A       100%        4
 Flame Wave               Conj/Fire      0%         2d4       100%        4
 Summon Lightning Spire   Summ/Air       0%         N/A       100%        4
 Alistair's Intoxication  Tmut/Pois      0%         N/A       100%        5
 Borgnjor's Vile Clutch   Necr/Erth      0%         N/A       100%        5
 Lee's Rapid Deconstruct  Erth           0%         3d4*      100%        5
 Metabolic Englaciation   Hex/Ice        0%         N/A       100%        5
 Eringya's Noxious Bog    Tmut/Pois      0%         4d6       100%        6
 Simulacrum               Ice/Necr       0%         N/A       100%        6
 Summon Cactus Giant      Summ           0%         N/A       100%        6
 Ozocubu's Refrigeration  Ice            0%         4d7       100%        7
 Polar Vortex             Ice            0%         N/A       100%        9


Dungeon Overview and Level Annotations

Branches:
Dungeon (6/15)             Temple (1/1) D:6

Altars:
Ashenzari
Cheibriados
Dithmenos
Fedhas
Gozag
Hepliaklqana
Kikubaaqudgha
Makhleb
Nemelex Xobeh
Okawaru
Qazlal
Ru
Sif Muna
Trog
Uskayaw
Vehumet
Wu Jian
Xom
Yredelemnul

Shops:
D:4 :[=[   D:6 :

Portals:
Abyss: D:6

Annotations:
D:6 1 transporter


Innate Abilities, Weirdness & Mutations

You have sharp fingernails.
When hurt, damage is shared between your health and your magic reserves.
You regenerate magic rapidly.
When low on magic, you restore magic in place of health.
Spells you cast may paralyse adjacent enemies.
You have a pair of small horns on your head.
You are clumsy. (Dex -2)
You passively map a small area around you.
You occasionally lose the ability to drink potions when taking damage.


Message History

You kill the orc warrior!
You block the ufetubus's attack.
The ufetubus hits you but does no damage.
You hit the ufetubus. Your headbutt misses the ufetubus.
The ufetubus is moderately wounded.
You block the ufetubus's attack.
The ufetubus hits you but does no damage.
You block the ufetubus's attack. x2
You feel better. The ufetubus barely misses you.
You block the ufetubus's attack.
You miss the ufetubus. You headbutt the ufetubus.
The ufetubus is severely wounded.
You block the ufetubus's attack. The ufetubus closely misses you.
The ufetubus misses you. The ufetubus closely misses you.
You hit the ufetubus.
You kill the ufetubus!
The small abomination barely misses you.
You hit the small abomination but do no damage.
You block the small abomination's attack.
You barely miss the small abomination. The small abomination hits you!
You feel threatened and lose the ability to drink potions!
* * * LOW HITPOINT WARNING * * *
You hit the small abomination but do no damage.
You headbutt the small abomination, but do no damage.
The small abomination barely misses you.
You block the small abomination's attack.
You hit the small abomination.
The small abomination is lightly damaged.
You can drink potions again.
You block the small abomination's attack.
You closely miss the small abomination.
The small abomination is lightly damaged.
The small abomination hits you!
You feel threatened and lose the ability to drink potions!
* * * LOW HITPOINT WARNING * * *
You block the small abomination's attack.
You hit the small abomination.
The small abomination is moderately damaged.
The small abomination hits you!
You die...

..........###.......#............
...........##.......#......###.#.
....................#......# #.#.
...........................# #.#.
...........##..............# #...
...###....####.............# #.#.
...#.##..##..####...##..######...
...#.##.©#©...$.##.......[).##...
..##.##..##..###@#...######....#.
..#..##...###.#x##.........<.....
..###.##....##.##....###.........
..##WW####.##∩.##...##...........
...###.o.###.#..##.....#.....>.#.
.....#©#.W).###..#....######.#.#.
....##.#^..##...##...#.......#.#.
...## #.....##.##............#.##
..## #.####.§#.#...............##


You could see a small abomination.

Vanquished Creatures
  The ghost of Brisketman the Mimic, a novice MfSh of Qazlal (D:6)
  A toenail golem (D:6)
  Grinder (D:3)
  Edmund (D:5)
  An ogre (D:6)
  An orc warrior (D:6)
  A black bear (D:5)
  2 centaurs (D:6)
  3 phantoms
  Blork the orc (D:5)
  3 scorpions
  4 wights (D:5)
  3 howler monkeys
  6 hounds
  4 jellies
  2 orc priests (D:5)
  2 gnoll boudas (D:6)
  5 iguanas
  A sleepcap (D:6)
  Robin (D:3)
  10 gnolls
  11 adders
  2 white imps (D:6)
  3 ufetubi
  2 worms
  A dart slug (D:2)
  10 orcs
  9 ball pythons
  5 endoplasms
  2 giant cockroaches
  15 goblins
  16 hobgoblins
  3 jackals (D:4)
  7 quokkas
  10 bats
  A frilled lizard (D:2)
  7 kobolds
  5 rats
163 creatures vanquished.

Notes
Turn   | Place    | Note
-------+----------+-------------------------------------------
     0 | D:1      | IdlyInterested the Demonspawn Fighter began the quest for
                  | the Orb.
     0 | D:1      | Reached XP level 1. HP: 18/18 MP: 1/1
   135 | D:1      | Reached skill level 2 in Short Blades
   391 | D:1      | Gained mutation: You regenerate magic rapidly. [demonic
                  | ancestry]
   391 | D:1      | Reached XP level 2. HP: 20/24 MP: 2/2
  1360 | D:2      | Identified the +8 ring mail "Lirchoun" {rCorr Dex+6}
  1609 | D:2      | Gained mutation: You have sharp fingernails. [demonic
                  | ancestry]
  1609 | D:2      | Reached XP level 3. HP: 29/29 MP: 3/3
  1636 | D:2      | Reached skill level 1 in Dodging
  2230 | D:2      | Gained mutation: Spells you cast may paralyse adjacent
                  | enemies. [demonic ancestry]
  2230 | D:2      | Reached XP level 4. HP: 37/37 MP: 4/4
  2725 | D:3      | Noticed Robin
  2766 | D:3      | Killed Robin
  2885 | D:3      | Noticed Grinder
  2927 | D:3      | Killed Grinder
  2928 | D:3      | Reached skill level 3 in Short Blades
  2928 | D:3      | Reached XP level 5. HP: 14/43 MP: 5/5
  2928 | D:3      | Reached XP level 6. HP: 16/49 MP: 6/6
  3466 | D:4      | Found Nagorigg's Armour Boutique.
  3553 | D:4      | Reached skill level 1 in Unarmed Combat
  3660 | D:4      | Reached skill level 5 in Fighting
  3704 | D:4      | Gained mutation: When hurt, damage is shared between your
                  | health and your magic reserves. [demonic ancestry]
  3704 | D:4      | Reached XP level 7. HP: 56/56 MP: 7/7
  3841 | D:4      | Found Itaihiun's Antique Armour Shoppe.
  3862 | D:4      | Reached skill level 4 in Short Blades
  3868 | D:4      | Found Neda Haheg's Jewellery Boutique.
  3946 | D:4      | Found Ethel's Book Shoppe.
  4354 | D:4      | Found an ornate altar of the Wu Jian Council.
  4359 | D:4      | Found a radiant altar of Vehumet.
  4520 | D:5      | Entered Level 5 of the Dungeon
  4520 | D:5      | Noticed Edmund
  4572 | D:5      | Killed Edmund
  4573 | D:5      | Reached skill level 1 in Invocations
  4573 | D:5      | Reached skill level 1 in Shapeshifting
  4608 | D:5      | Reached skill level 1 in Stealth
  4608 | D:5      | Reached skill level 1 in Spellcasting
  4608 | D:5      | Reached skill level 1 in Evocations
  4708 | D:5      | Reached XP level 8. HP: 62/64 MP: 7/9
  5071 | D:5      | Reached skill level 5 in Short Blades
  5095 | D:5      | Noticed Blork the orc
  5116 | D:5      | Killed Blork the orc
  5729 | D:5      | Reached skill level 6 in Short Blades
  6176 | D:6      | Noticed a toenail golem
  6277 | D:6      | Reached skill level 7 in Short Blades
  6277 | D:6      | Gained mutation: When low on magic, you restore magic in
                  | place of health. [demonic ancestry]
  6277 | D:6      | Reached XP level 9. HP: 69/69 MP: 10/10
  6656 | D:6      | Found a transporter.
  6851 | D:6      | Found a hazy altar of Hepliaklqana.
  6952 | D:6      | Found a transporter.
  7016 | D:6      | Found Qiufax's Tiny Tomes.
  7064 | D:6      | Noticed Brisketman's ghost (novice MfSh)
  7080 | D:6      | Found a one-way gate to the infinite horrors of the Abyss.
  7125 | D:6      | Found a staircase to the Ecumenical Temple.
  7134 | Temple   | Entered the Ecumenical Temple
  7212 | D:6      | Gained mutation: You are clumsy. (Dex -2) [potion of
                  | mutation]
  7212 | D:6      | Gained mutation: You occasionally lose the ability to drink
                  | potions when taking damage. [potion of mutation]
  7212 | D:6      | Gained mutation: You passively map a small area around you.
                  | [potion of mutation]
  7212 | D:6      | Gained mutation: You have a pair of small horns on your
                  | head. [potion of mutation]
  7269 | D:6      | Killed a toenail golem
  7270 | D:6      | Reached skill level 8 in Short Blades
  7270 | D:6      | Reached skill level 5 in Stealth
  7305 | D:6      | HP: 3/69 [Brisketman's ghost (7)]
  7314 | D:6      | HP: 1/69 [Brisketman's ghost (3)]
  7318 | D:6      | Killed Brisketman's ghost
  7321 | D:6      | HP: 3/69 [orc warrior/+2 scimitar of electrocution (1)]
  7334 | D:6      | HP: 1/69 [small abomination (6)]
  7335 | D:6      | Mangled by a small abomination

Illustrated notes

Levels and vault maps discovered:
D:1:      lightli_arrival_statuegarden, layout_loops_corners, serial_forest,
          infiniplex_forest_zigzag_1, infiniplex_forest_end_2,
          infiniplex_forest_clump_small, infiniplex_forest_diagonal,
          infiniplex_forest_end_2, infiniplex_forest_side_room,
          infiniplex_forest_lined_corner
D:2:      minmay_chambers_of_twos, layout_basic, minmay_misc_feat_rows,
          corexii_hall_statues_t
D:3:      layout_rooms, uniq_robin, uniq_grinder
D:4:      minmay_inner_zag, layout_basic, minmay_overflow_temple_star_quad,
          serial_shops, nicolae_book_shop_shelving,
          nicolae_shop_tiny_waterfront, nicolae_square_shop, shop, hex_large,
          kennysheep_another_room, minmay_misc_feat_iff, minmay_ruptured
D:5:      layout_loops_corners, chequers_serial_rivers_small_a,
          corexii_item_surrounded_by_moat, uniq_edmund, uniq_blork_the_orc
D:6:      layout_rooms, mainiacjoe_overflow_concentric_impassable,
          mainiacjoe_overflow_24_doors, minmay_temple_entry_poolview,
          gammafunk_ghost_abyssal_escape, grunt_decor_arrowhead,
          nicolae_shop_i_like_small_books_too, nicolae_grassy_gnolls
Temple:   bh_familiar_temple

Skill      XL: |  1  2  3  4  5  6  7  8  9 |
---------------+----------------------------+-----
Short Blades   | 2 3 4 7 8 |  8.9
Armour         | 3 |  3.0
Shields        | 3 |  3.0
Dodging        | 1 3 |  3.0
Fighting       | 4 5 6 |  6.0
Unarmed Combat | 2 3 |  3.0
Invocations    | 1 |  1.0
Shapeshifting  | 1 |  1.0
Stealth        | 1 4 5 |  5.9
Spellcasting   | 1 |  1.0
Evocations     | 1 |  1.0

Action                     |  1- 3 |  4- 6 |  7- 9 || total
---------------------------+-------+-------+-------++-------
  Melee: Rapier            |   303 |   214 |   654 ||  1171
         Headbutt          |       |       |    33 ||    33
  Throw: Stone             |       |     8 |     7 ||    15
         Throwing net      |       |       |     2 ||     2
         Dart              |       |       |     1 ||     1
    Use: Scroll            |     4 |     1 |     4 ||     9
         Potion            |       |     2 |     4 ||     6
   Stab: Sleeping          |       |       |     3 ||     3
         Invisible         |       |       |     1 ||     1
         Held in net/web   |       |       |     1 ||     1
 Armour: Scale mail        |    34 |       |       ||    34
         Ring mail         |    39 |    96 |   190 ||   325
  Dodge: Dodged            |    63 |   138 |   298 ||   499
  Block: Buckler           |    22 |    58 |       ||    80
         Tower shield      |       |     8 |   549 ||   557

Table legend: (Time is in decaauts)
 A = Elapsed time spent in this place.
 B = Non-inter-level travel time spent in this place.
 C = Inter-level travel time spent in this place.
 D = Time resting spent in this place.
 E = Time spent auto-exploring this place.
 F = Levels seen in this place.
 G = Mean time per level.
                   A        B        C        D        E       F      G
               +--------+--------+--------+--------+--------+-----+--------+
         Total |   7581 |   6426 |   1155 |    487 |   3507 |   7 | 1083.0 |
       Dungeon |   7579 |   6424 |   1155 |    487 |   3507 |   6 | 1263.2 |
        Temple |      1 |      1 |      0 |      0 |      0 |   1 |    1.0 |
               +--------+--------+--------+--------+--------+-----+--------+

Top non-repeatable levels by time:
     D:5: 1680 daAuts
     D:1: 1411 daAuts
     D:2: 1313 daAuts
     D:4: 1285 daAuts
     D:6: 1089 daAuts
     D:3: 798 daAuts
  Temple: 1 daAuts
